 Dungeon Crawl Stone Soup version 0.29-a0-330-g52719c12eb (webtiles) character file.

Game seed: 7130599783603185155

59 tilp the Magician (level 3, 0/29 HPs)
             Began as a Draconian Hedge Wizard on May 19, 2022.
             Slain by a gnoll
             ... wielding a +0 flail
              (6 damage)
             ... on level 2 of the Dungeon.
             The game lasted 00:04:38 (2478 turns).

tilp the Magician (Draconian Hedge Wizard)          Turns: 2478, Time: 00:04:39

Health: 0/29       AC:  9    Str: 12    XL:     3   Next: 78%
Magic:  1/7        EV: 12    Int: 16    God:
Gold:   63         SH:  0    Dex: 10    Spells: 4/8 levels left

rFire   . . .      SeeInvis .   a - +0 dagger
rCold   . . .      Faith    .   (no shield)
rNeg    . . .      Spirit   .   (body armour unavailable)
rPois   .          Reflect  .   b - +0 hat
rElec   .          Harm     .   (no cloak)
rCorr   .          Rampage  .   (no gloves)
Will    .....                   (no boots)
Stlth   ++........              (no amulet)
HPRegen 0.09/turn               e - +4 ring of protection
MPRegen 0.10/turn               (no ring)

@: no status effects
A: AC +5, unfitting armour, cold-blooded
a: no special abilities


You were on level 2 of the Dungeon.
You visited 1 branch of the dungeon, and saw 3 of its levels.

You collected 63 gold pieces.

Inventory:

Hand Weapons
 a - a +0 dagger (weapon)
Missiles
 h - 25 stones (quivered)
Armour
 b - a +0 hat (worn)
 j - the +5 pair of boots of the Blue Moon {-Tele Str+2 Dex+6}
   (You found it on level 2 of the Dungeon)

   Str:       It affects your strength (+2).
   Dex:       It affects your dexterity (+6).
   -Tele:     It prevents most forms of teleportation.
Jewellery
 e - a +4 ring of protection (left hand)
 g - a ring of fire
Potions
 c - a potion of magic
 d - a potion of attraction
 f - a potion of flight {unknown}
 l - a potion of resistance {unknown}


   Skills:
 + Level 2.1 Fighting
 * Level 0.6 Throwing
 - Level 2.0 Dodging
 - Level 2.0 Stealth
 - Level 3.0 Spellcasting
 + Level 2.1 Conjurations
 + Level 0.3 Hexes
 - Level 1.0 Summonings
 + Level 1.2 Translocations


You had 4 spell levels left.
You knew the following spells:

 Your Spells              Type           Power      Damage    Failure   Level
a - Magic Dart            Conj           36%        1d4       8%          1
b - Slow                  Hex            12%        N/A       16%         1
c - Blink                 Tloc           12%        N/A       17%         2

Your spell library contained the following spells:

 Spells                   Type           Power      Damage    Failure   Level
 Call Imp                 Summ           5%         N/A       19%         2
 Conjure Flame            Conj/Fire      5%         6-21      36%         3
 Mephitic Cloud           Conj/Pois/Air  4%         N/A       38%         3


Dungeon Overview and Level Annotations

Branches:
Dungeon (3/15)

Altars:

Annotations:
D:2 exclusion: adder, Sigmund


Innate Abilities, Weirdness & Mutations

Your plain brown scales are hard. (AC +5)
You cannot fit into any form of body armour.
You are cold-blooded and may be slowed by cold attacks.


Message History

Casting: Magic Dart (safe; 9% risk of failure)
Confirm with . or Enter, or press ? or * to list all spells.
Aiming: Magic Dart (safe; 9% risk of failure)
Press: ? - help, Shift-Dir - straight line, f/p - gnoll
Aim: a gnoll, wielding a +0 club (heavily wounded, 100% to hit)
The magic dart hits the gnoll.
The gnoll is severely wounded.
The gnoll hits you with a +0 flail!
* * * LOW HITPOINT WARNING * * *
The gnoll closely misses you.
Casting: Magic Dart (safe; 9% risk of failure)
Confirm with . or Enter, or press ? or * to list all spells.
Aiming: Magic Dart (safe; 9% risk of failure)
Press: ? - help, Shift-Dir - straight line, f/p - gnoll
Aim: a gnoll, wielding a +0 club (severely wounded, 100% to hit)
The magic dart hits the gnoll.
The gnoll is almost dead.
The gnoll closely misses you. The gnoll hits you with a +0 flail.
* * * LOW HITPOINT WARNING * * *
Unknown command.
Casting: Magic Dart (safe; 9% risk of failure)
Confirm with . or Enter, or press ? or * to list all spells.
Aiming: Magic Dart (safe; 9% risk of failure)
Press: ? - help, Shift-Dir - straight line, f/p - gnoll
Aim: a gnoll, wielding a +0 club (almost dead, 100% to hit)
The magic dart hits the gnoll.
You kill the gnoll!
The gnoll hits you but does no damage.
Unknown command.
Casting: Magic Dart (safe; 8% risk of failure)
Confirm with . or Enter, or press ? or * to list all spells.
Aiming: Magic Dart (safe; 8% risk of failure)
Press: ? - help, Shift-Dir - straight line, f - gnoll
Aim: a gnoll, wielding a +0 flail (100% to hit)
The magic dart hits the gnoll.
The gnoll is lightly wounded.
The gnoll closely misses you.
Unknown command.
The gnoll hits you with a +0 flail.
You die...

###################
................@>#
####.############g#
# ##.### #.# #
#....##########.# #
#....##.........# #
#.w..##.######### #
#....##.# #
#....##.#### #
#....##....#


You could see a gnoll.

Vanquished Creatures
  A gnoll (D:2)
  An adder (D:2)
  A dart slug (D:1)
  5 ball pythons
  2 endoplasms
  2 giant cockroaches
  3 goblins
  7 hobgoblins
  A quokka (D:1)
  4 bats
  A frilled lizard (D:2)
  6 kobolds
  3 rats
37 creatures vanquished.

Notes
Turn   | Place    | Note
-------+----------+-------------------------------------------
     0 | D:1      | tilp the Draconian Hedge Wizard began the quest for the
                  | Orb.
     0 | D:1      | Reached XP level 1. HP: 14/14 MP: 4/4
   485 | D:1      | Reached XP level 2. HP: 22/22 MP: 0/6
   503 | D:1      | Reached skill level 1 in Fighting
   771 | D:1      | Learned a level 1 spell: Slow
   774 | D:1      | Learned a level 2 spell: Blink
  1338 | D:2      | Reached XP level 3. HP: 27/29 MP: 4/7
  1813 | D:2      | Identified the +5 pair of boots of the Blue Moon {-Tele
                  | Str+2 Dex+6}
  2158 | D:2      | Noticed Sigmund
  2478 | D:2      | Slain by a gnoll

Illustrated notes

Levels and vault maps discovered:
D:1:      evilmike_arrival_grusome_pit, layout_basic
D:2:      layout_basic, minmay_misc_feat_tower, uniq_sigmund
D:3:      layout_rooms, portal_sewer_entry_b, chequers_mini_garden

Skill      XL: |  1  2  3 |
---------------+----------+-----
Stealth        | 2 |  2.0
Dodging        | 2 |  2.0
Fighting       | 1 2 |  2.1
Conjurations   | 2 |  2.1
Throwing       | |  0.6
Spellcasting   | |  3.0
Hexes          | |  0.3
Summonings     | |  1.0
Translocations | |  1.2

Action                   || total
-------------------------++-------
Melee: Dagger            ||    39
       Tailslap          ||     3
       Punch             ||     1
 Cast: Magic Dart        ||    96
  Use: Scroll            ||     5
 Stab: Sleeping          ||     4
Armor: Skin              ||    23
Dodge: Dodged            ||    42

Table legend: (Time is in decaauts)
 A = Elapsed time spent in this place.
 B = Non-inter-level travel time spent in this place.
 C = Inter-level travel time spent in this place.
 D = Time resting spent in this place.
 E = Time spent auto-exploring this place.
 F = Levels seen in this place.
 G = Mean time per level.
                   A        B        C        D        E       F      G
               +--------+--------+--------+--------+--------+-----+--------+
         Total |   2481 |   2280 |    201 |    287 |   1558 |   3 |  827.0 |
       Dungeon |   2481 |   2280 |    201 |    287 |   1558 |   3 |  827.0 |
               +--------+--------+--------+--------+--------+-----+--------+

Top non-repeatable levels by time:
     D:1: 1521 daAuts
     D:2: 956 daAuts
     D:3: 3 daAuts
